 Dungeon Crawl Stone Soup version 0.26.1-2-gb8aa6d0cf2 (webtiles) character file.

Game seed: 6679595941254053537

83 Gadfly the Magician (level 4, -9/24 HPs)
             Began as a Tengu Hedge Wizard on Feb 18, 2021.
             Mangled by an iguana (11 damage)
             ... on level 5 of the Dungeon on Feb 19, 2021.
             The game lasted 00:06:29 (3316 turns).

Gadfly the Magician (Tengu Hedge Wizard)            Turns: 3316, Time: 00:06:30

Health: -9/24      AC:  2    Str: 10    XL:     4   Next: 44%
Magic:  0/9        EV: 13    Int: 22    God:
Gold:   263        SH:  0    Dex: 13    Spells: 1/9 levels left

rFire    . . .     SeeInvis .   j - +0 mace
rCold    . . .     Faith    .   (no shield)
rNeg     . . .     Spirit   +   b - +0 robe
rPois    .         Reflect  .   c - +0 hat
rElec    .         Harm     .   (no cloak)
rCorr    +         Rampage  .   (no gloves)
Will     .....                  (boots unavailable)
Stlth    ++........             o - amulet of guardian spirit
HPRegen  0.08/turn              f - ring of resist corrosion
MPRegen  0.11/turn              m - +6 ring of intelligence

@: no status effects
A: beak, talons 3
a: no special abilities


You were on level 5 of the Dungeon.
You visited 1 branch of the dungeon, and saw 5 of its levels.

You collected 263 gold pieces.

Inventory:

Hand Weapons
 j - a +0 mace (weapon)
Armour
 b - a +0 robe (worn)
 c - a +0 hat (worn)
Jewellery
 f - a ring of resist corrosion (left hand)
 m - a +6 ring of intelligence (right hand)
 o - an amulet of guardian spirit (around neck)
 w - an uncursed ring of ice
Wands
 r - a wand of random effects (25)
Scrolls
 k - 2 scrolls of remove curse
 n - 2 scrolls of teleportation
 u - a scroll of amnesia
Potions
 a - a potion of heal wounds
 d - a potion of berserk rage
 e - a potion of brilliance
 g - a potion of flight {unknown}
 h - 2 potions of curing
 i - a potion of mutation {unknown}
 l - a potion of degeneration {unknown}
 p - a potion of magic
 q - a potion of haste {unknown}
 t - a potion of lignification


   Skills:
 + Level 0.6 Fighting
 * Level 2.9 Dodging
 - Level 2.0 Stealth
 + Level 3.1 Spellcasting
 * Level 2.5 Conjurations
 * Level 2.1 Summonings
 - Level 0.7 Translocations
 * Level 1.4 Air Magic
 * Level 1.6 Evocations


You had one spell level left.
You knew the following spells:

 Your Spells              Type           Power        Failure   Level
a - Magic Dart            Conj           56%          4%          1
b - Call Imp              Summ           13%          8%          2
c - Blink                 Tloc           N/A          14%         2
d - Mephitic Cloud        Conj/Pois/Air  9%           22%         3

Your spell library contained the following spells:

 Spells                   Type           Power        Failure   Level
 Slow                     Hex            3%           19%         2
 Conjure Flame            Conj/Fire      9%           22%         3
 Gell's Gravitas          Tloc           3%           26%         3
 Lesser Beckoning         Tloc           3%           26%         3
 Teleport Other           Tloc           6%           26%         3
 Passage of Golubria      Tloc           N/A          65%         4


Dungeon Overview and Level Annotations

Branches:
Dungeon (4/15)
 Temple: D:4-7

Altars:


Innate Abilities, Weirdness & Mutations

You have a beak for a mouth.
You have claws for feet.


Message History

The iguana bites you!
The magic dart hits the iguana.
The iguana is severely wounded.
The iguana completely misses you.
You closely miss the iguana. You claw the iguana, but do no damage.
You peck the iguana, but do no damage.
The iguana is severely wounded.
The iguana bites you!
* * * LOW HITPOINT WARNING * * *
You are too injured to fight recklessly!
You are too injured to fight recklessly!
Unknown command.
You hit the iguana.
The iguana is severely wounded.
The iguana bites you.
* * * LOW HITPOINT WARNING * * *
You closely miss the iguana.
The iguana is severely wounded.
The iguana bites you!
You die...

#... +... #...
#... ###...
#.....#####+##
#............#
#....l@......#
###..........#
#.$$.......#
..........#.#
#..........# .
#..........#
#..........#
#..........#


You could see an iguana.

Vanquished Creatures
  2 adders
  An ooze (D:2)
  A worm (D:2)
  4 leopard geckos
  2 giant cockroaches (D:2)
  6 goblins
  6 hobgoblins
  11 kobolds
  A quokka (D:2)
  9 bats
  6 frilled lizards
  4 rats
53 creatures vanquished.

Notes
Turn   | Place    | Note
-------+----------+-------------------------------------------
     0 | D:1      | Gadfly the Tengu Hedge Wizard began the quest for the Orb.
     0 | D:1      | Reached XP level 1. HP: 10/10 MP: 5/5
   120 | D:1      | Reached XP level 2. HP: 15/15 MP: 1/7
   314 | D:1      | Learned a level 2 spell: Call Imp
   317 | D:1      | Learned a level 2 spell: Blink
   634 | D:1      | Reached XP level 3. HP: 19/19 MP: 6/8
   893 | D:2      | Reached skill level 1 in Air Magic
  1155 | D:2      | Learned a level 3 spell: Mephitic Cloud
  1163 | D:2      | Reached skill level 1 in Evocations
  1735 | D:2      | Reached XP level 4. HP: 24/24 MP: 3/9
  2728 | D:3      | Found a faded altar of an unknown god.
  3306 | D:4      | You fall into a shaft and drop 1 floor!
  3306 | D:5      | Entered Level 5 of the Dungeon
  3316 | D:5      | Mangled by an iguana

Illustrated notes

Levels and vault maps discovered:
D:1:      dpeg_arrival_tiny_e, layout_rooms
D:2:      layout_basic, minmay_hexomino_f4
D:3:      layout_loops_ring, chequers_ecumenical_altar_simple,
          minmay_misc_feat_tiny
D:4:      layout_loops_cross, minmay_temple_entry_trees
D:5:      layout_basic, serial_shops, shop, minmay_misc_feat_enclosed,
          uniq_menkaure, uniq_edmund

Skill      XL: |  1  2  3 |
---------------+----------+-----
Conjurations   | 2 |  2.5
Air Magic      | 1 |  1.4
Evocations     | 1 |  1.6
Summonings     | 2 |  2.1
Fighting       | |  0.6
Dodging        | |  2.9
Stealth        | |  2.0
Spellcasting   | |  3.1
Translocations | |  0.7

Action                   |  1- 3 |  4- 6 || total
-------------------------+-------+-------++-------
Melee: Mace              |    37 |    20 ||    57
       Dagger            |     1 |       ||     1
       Peck              |     5 |     2 ||     7
       Kick              |     5 |     2 ||     7
 Cast: Magic Dart        |    65 |    28 ||    93
       Mephitic Cloud    |     1 |       ||     1
  Use: Scroll            |     7 |     4 ||    11
       Potion            |     1 |     4 ||     5
 Stab: Sleeping          |     1 |     1 ||     2
Armor: Robe              |     6 |     7 ||    13
Dodge: Dodged            |    27 |    27 ||    54
